 Dungeon Crawl Stone Soup version 0.30-a0-728-gc68057be0a (webtiles) character file.

Game seed: 11235034238146518743

6660 Jackthecabe the Fighter (level 11, -1/65 HPs)
             Began as a Vine Stalker Brigand on Feb 1, 2023.
             Was a Follower of Uskayaw.
             Succumbed to a killer bee's poison
             ... on level 10 of the Dungeon.
             The game lasted 00:27:02 (8347 turns).

Jackthecabe the Fighter (Vine Stalker Brigand)      Turns: 8347, Time: 00:27:03

Health: -1/65      AC: 11    Str: 13    XL:     11   Next: 3%
Magic:  12/15      EV: 11    Int: 11    God:    Uskayaw [*.....]
Gold:   409        SH:  0    Dex: 21    Spells: 10/10 levels left

rFire   + . .      SeeInvis .    f - +3 dagger (venom)
rCold   + + .      Faith    .    (no shield)
rNeg    . . .      Spirit   +    t - +0 acid dragon scales
rPois   .          Reflect  .    G - +2 helmet
rElec   .          Harm     .    v - scarf {rC+ rF+}
rCorr   +          Rampage  .    q - +1 pair of gloves of Dithmenos's Favour {rC+}
Will    +....                    (no boots)
Stlth   +                        E - amulet of regeneration
HPRegen 1.90/turn                (no ring)
MPRegen 0.14/turn                (no ring)

@: confused, lethally poisoned (-1 -> -10), ambrosia-drunk
A: fangs 3, regeneration 1, magic shield, antimagic bite, no potion heal 2
a: Renounce Religion, Stomp


You were on level 10 of the Dungeon.
You worshipped Uskayaw.
Uskayaw was noncommittal.
You visited 2 branches of the dungeon, and saw 11 of its levels.

You collected 409 gold pieces.


Innate Abilities, Weirdness & Mutations

You have razor-sharp teeth.
Your natural rate of healing is unusually fast.
When hurt, damage is shared between your health and your magic reserves.
Your bite disrupts and absorbs the magic of your enemies.
Potions cannot restore your health.


   Skills:
 + Level 11.1 Fighting
 - Level 10.0 Short Blades
 - Level 1.7 Throwing
 - Level 0.7 Dodging
 - Level 4.8 Stealth
 - Level 4.0 Invocations


You had 10 spell levels left.
You didn't know any spells.
Your spell library contained the following spells:

 Spells                   Type           Power      Damage    Failure   Level
 Apportation              Tloc           0%         N/A       45%         1
 Necrotise                Necr           0%         1d4       45%         1
 Sting                    Tmut/Pois      0%         1d3       45%         1
 Summon Small Mammal      Summ           0%         N/A       45%         1
 Ensorcelled Hibernation  Hex/Ice        0%         N/A       61%         2
 Passwall                 Tmut/Erth      0%         N/A       61%         2
 Poisonous Vapours        Pois/Air       0%         N/A       61%         2
 Sublimation of Blood     Necr           0%         N/A       61%         2
 Wereblood                Tmut           0%         N/A       61%         2
 Call Canine Familiar     Summ           0%         N/A       83%         3
 Dazzling Flash           Conj/Hex       0%         N/A       83%         3
 Portal Projectile        Hex/Tloc       0%         N/A       83%         3
 Swiftness                Air            0%         N/A       83%         3
 Iskenderun's Mystic Bla  Conj/Tloc      0%         2d3       99%         4
 Leda's Liquefaction      Hex/Erth       0%         N/A       99%         4
 Olgreb's Toxic Radiance  Pois           0%         N/A       99%         4
 Starburst                Conj/Fire      0%         6d3       100%        6
 Summon Hydra             Summ           0%         N/A       100%        7

Inventory:

Hand Weapons
 a - a +2 dagger
 f - a +3 dagger of venom (weapon)
Missiles
 d - 26 poisoned darts (quivered)
 e - a curare-tipped dart {=f}
Armour
 b - a +0 robe
 c - a +0 cloak
 q - the +1 pair of gloves of Dithmenos's Favour (worn) {rC+}
   (You found it on level 2 of the Dungeon)

   rC:        It protects you from cold.
 t - +0 acid dragon scales (worn)
 v - a scarf of resistance (worn)
 B - a +0 leather armour
 G - a +2 helmet (worn)
Magical Staves
 r - a staff of cold {!a}
Jewellery
 C - a ring of ice
 E - an amulet of regeneration (around neck)
Wands
 F - a wand of flame (18)
 K - a wand of roots (5)
Scrolls
 g - 4 scrolls of teleportation {@r2}
 j - 3 scrolls of vulnerability {unknown}
 k - 2 scrolls of brand weapon {unknown}
 l - a scroll of acquirement {unknown}
 m - 4 scrolls of enchant weapon
 p - 3 scrolls of immolation
 s - a scroll of fear {unknown}
 w - 3 scrolls of blinking {unknown}
 x - a scroll of torment {unknown}
 y - a scroll of enchant armour
 A - 2 scrolls of amnesia {unknown}
 D - 3 scrolls of poison
 I - a scroll of fog
Potions
 i - a potion of mutation {unknown}
 n - a potion of brilliance {unknown}
 o - a potion of attraction {unknown}
 u - 2 potions of curing {unknown}
 z - a potion of haste {unknown}
 H - a potion of cancellation {unknown}
 J - 2 potions of might
 L - a potion of invisibility {unknown}
 N - a potion of flight {unknown}

Dungeon Overview and Level Annotations

Branches:
Dungeon (10/15)            Temple (1/1) D:6
   Lair: D:8-11         Orc: D:9-12

Altars:
Cheibriados
Dithmenos
Elyvilon
Fedhas
Gozag
Hepliaklqana
Kikubaaqudgha
Makhleb
Nemelex Xobeh
Okawaru
Ru
Sif Muna
Uskayaw
Vehumet
Yredelemnul
Zin

Shops:
D:6 (

Annotations:
D:3 Grinder
D:4 1 runed translucent door, Crazy Yiuf
D:5 1 runed translucent door, Esekla's ghost, weakling OpDe
D:8 exclusion: oklob plant

#######+####
#@........[#
#..y.......#
#..y<......+
#...†......#
#..........#
#..........#
#..........#
####+#######


You could see 2 killer bees.


Message History

The killer bee stings you.
* * * LOW HITPOINT WARNING * * *
You are lethally poisoned!
The killer bee poisons you! The killer bee barely misses you.
Okay, then.
Use which ability? (? or * to list)
Aiming: Line Pass
Press: ? - help, Dir - move target The killer bee appears confused.
You can no longer pass through a line of other dancers.
* * * LOW HITPOINT WARNING * * *
You feel very sick. The killer bee barely misses you.
Unknown command.
You are confused.
Your system rejects the healing.
You feel invigorated.
* * * LOW HITPOINT WARNING * * *
You feel very sick.
The killer bee stings you but does no damage. x2
* * * LOW HITPOINT WARNING * * *
You feel very sick.
The killer bee seems less confused.
The killer bee barely misses you.
The killer bee stings you but does no damage. x2
The killer bee attacks as you move away!
The killer bee stings you but does no damage.
The killer bee attacks as you move away!
The killer bee stings you.
You are more poisoned.
The killer bee poisons you!
You die...

Skill      XL: |  1  2  3  4  5  6  7  8  9 10 11 |
---------------+----------------------------------+-----
Short Blades   | 2 3 4 5 6 8 9 10 | 10.0
Fighting       | 2 6 8 10 11 | 11.1
Invocations    | 4 |  4.0
Throwing       | |  1.7
Dodging        | |  0.7
Stealth        | |  4.8

Action                     |  1- 3 |  4- 6 |  7- 9 | 10-12 || total
---------------------------+-------+-------+-------+-------++-------
  Melee: Dagger            |    77 |   257 |   481 |   212 ||  1027
         Bite              |    22 |    79 |   180 |    89 ||   370
         Punch             |       |     6 |     9 |     2 ||    17
  Throw: Dart              |     2 |     5 |    17 |       ||    24
         Throwing net      |       |       |     1 |       ||     1
 Invoke: Stomp             |       |       |     2 |       ||     2
         Line Pass         |       |       |     1 |     1 ||     2
    Use: Scroll            |       |       |     8 |     4 ||    12
         Potion            |       |       |       |     1 ||     1
   Stab: Sleeping          |     7 |     2 |     6 |     5 ||    20
         Paralysed         |       |       |     4 |     7 ||    11
         Held in net/web   |       |       |     1 |       ||     1
 Armour: Robe              |    24 |    59 |       |       ||    83
         Leather armour    |       |     2 |   111 |     4 ||   117
         Acid dragon scale |       |       |       |    43 ||    43
  Dodge: Dodged            |    47 |   125 |   210 |    84 ||   466

Levels and vault maps discovered:
D:1:      lightli_arrival_statue_moat, layout_loops_ring
D:2:      layout_loops_cross
D:3:      layout_basic, nicolae_overflow_hidden_temple, jmf_multi_god_temple,
          chequers_serial_rivers_small_b, corexii_item_surrounded_by_moat,
          chequers_decorated_corner, grunt_ministairs_7, uniq_grinder
D:4:      layout_rooms, dk_rats_in_the_wall, uniq_crazy_yiuf_cottage
D:5:      layout_basic, mainiacjoe_overflow_cross_hatched, serial_glass,
          glass_columns_a, glass_columns_a, hellmonk_ghost_happy_afterlife,
          amcnicky_mini_rare_corridor_liquid
D:6:      layout_rooms, mainiacjoe_overflow_small_starburst,
          minmay_temple_entry_antechambers, serial_shops, shop, uniq_eustachio
D:7:      layout_rooms, uniq_joseph
D:8:      layout_layer_cave, grunt_ministairs_1, disabler_island, uniq_grum
D:9:      layout_basic, nicolae_vehumet_altar_sigil
D:10:     layout_roguey [special_room_orc], ashenzari_conservatory_becter,
          trog_butcher_becter, nzn_sisyphean_effort
Temple:   nicolae_temple_figure_eight

Notes
Turn   | Place    | Note
-------+----------+-------------------------------------------
     0 | D:1      | Jackthecabe the Vine Stalker Brigand began the quest for
                  | the Orb.
     0 | D:1      | Reached XP level 1. HP: 11/11 MP: 2/2
    50 | D:1      | Reached skill level 2 in Short Blades
   102 | D:1      | Reached XP level 2. HP: 15/15 MP: 3/3
   752 | D:2      | Reached skill level 3 in Short Blades
   812 | D:2      | Identified the +1 pair of gloves of Dithmenos's Favour
                  | {rC+}
   853 | D:2      | Reached XP level 3. HP: 15/18 MP: 4/4
  1408 | D:3      | Gained mutation: Your natural rate of healing is unusually
                  | fast. [Vine Stalker growth]
  1408 | D:3      | Reached XP level 4. HP: 23/23 MP: 5/5
  1450 | D:3      | Reached skill level 4 in Short Blades
  1481 | D:3      | Noticed Grinder
  1524 | D:4      | Identified a scarf of resistance
  1572 | D:4      | Reached XP level 5. HP: 25/26 MP: 6/6
  1727 | D:3      | Reached skill level 5 in Short Blades
  2151 | D:4      | Reached XP level 6. HP: 15/30 MP: 3/7
  2294 | D:4      | Reached skill level 6 in Short Blades
  2444 | D:4      | Found a runed translucent door.
  2445 | D:4      | Noticed Crazy Yiuf
  2786 | D:5      | Entered Level 5 of the Dungeon
  2805 | D:5      | Found a runed translucent door.
  2805 | D:5      | Noticed Esekla's ghost (weakling OpDe)
  3137 | D:5      | Reached XP level 7. HP: 23/34 MP: 6/8
  3326 | D:5      | Reached skill level 7 in Short Blades
  3678 | D:5      | Found a hazy altar of Hepliaklqana.
  4340 | D:6      | Found Lupoe's Weapon Shoppe.
  4348 | D:5      | Reached skill level 8 in Short Blades
  4348 | D:5      | Reached skill level 2 in Fighting
  4372 | D:5      | Gained mutation: You have razor-sharp teeth. [Vine Stalker
                  | growth]
  4372 | D:5      | Reached XP level 8. HP: 28/39 MP: 7/9
  4403 | D:6      | Reached skill level 3 in Fighting
  4440 | D:6      | Noticed Eustachio
  4461 | D:6      | Killed Eustachio
  4462 | D:6      | Reached skill level 4 in Fighting
  4522 | D:6      | Reached skill level 5 in Fighting
  4661 | D:6      | Found an opulent altar of Gozag.
  4784 | D:6      | Found a staircase to the Ecumenical Temple.
  4793 | Temple   | Entered the Ecumenical Temple
  5002 | Temple   | Became a worshipper of Uskayaw the Reveller
  5066 | D:6      | Reached * piety under Uskayaw
  5067 | D:6      | Reached ** piety under Uskayaw
  5154 | D:7      | Reached skill level 6 in Fighting
  5158 | D:7      | Reached *** piety under Uskayaw
  5167 | D:7      | Reached **** piety under Uskayaw
  5173 | D:7      | Reached ***** piety under Uskayaw
  5288 | D:7      | Reached XP level 9. HP: 38/47 MP: 8/10
  5293 | D:7      | Reached skill level 7 in Fighting
  5308 | D:7      | HP: 4/45 [wight/+0 trident (2)]
  5313 | D:7      | HP: 2/48 [wight/+0 trident (5)]
  5394 | D:7      | Noticed Joseph
  5604 | D:7      | Reached skill level 8 in Fighting
  5668 | D:7      | Reached skill level 1 in Invocations
  5775 | D:7      | Killed Joseph
  5776 | D:7      | Reached skill level 3 in Invocations
  5963 | D:8      | Reached skill level 4 in Invocations
  5980 | D:8      | Noticed an oklob plant
  6157 | D:8      | Noticed an oklob plant
  6236 | D:8      | Noticed an oklob plant
  6398 | D:8      | Noticed a two-headed ogre
  6438 | D:8      | Killed a two-headed ogre
  6439 | D:8      | Reached skill level 9 in Short Blades
  6439 | D:8      | Reached XP level 10. HP: 35/56 MP: 4/14
  6575 | D:8      | Noticed Grum
  6577 | D:8      | Reached skill level 10 in Short Blades
  6583 | D:8      | Killed Grum
  7112 | D:8      | Killed an oklob plant
  7113 | D:8      | Reached skill level 9 in Fighting
  7489 | D:8      | Killed an oklob plant
  7628 | D:9      | Noticed a centaur warrior
  7631 | D:9      | Killed a centaur warrior
  7632 | D:9      | Reached skill level 10 in Fighting
  7751 | D:9      | Found a radiant altar of Vehumet.
  7807 | D:9      | Paralysed by a hornet for 2 turns
  7962 | D:9      | Reached XP level 11. HP: 64/64 MP: 15/15
  8328 | D:10     | Entered Level 10 of the Dungeon
  8330 | D:10     | Reached skill level 11 in Fighting
  8344 | D:10     | HP: 6/65 [poisoned by a killer bee]
  8346 | D:10     | HP: 2/65 [poisoned by a killer bee]
  8347 | D:10     | Succumbed to a killer bee's poison

Vanquished Creatures
  A two-headed ogre (D:8)
  A centaur warrior (D:9)
  2 oklob plants (D:8)
  Joseph (D:7)
  A hornet (D:9)
  Eustachio (D:6)
  Grum (D:8)
  A water moccasin (D:6)
  An acid dragon (D:8)
  A floating eye (D:8)
  2 orc warriors (D:8)
  A black bear (D:6)
  An ice beast (D:8)
  A sky beast (D:7)
  An ogre (D:5)
  3 wolves (D:8)
  A centaur (D:6)
  A phantom (D:7)
  A kobold brigand (D:8)
  A necrophage (D:4)
  3 bullfrogs
  A gnoll sergeant (D:7)
  3 scorpions
  4 wights
  9 killer bees
  A howler monkey (D:9)
  5 hounds
  2 gnoll boudas
  9 orc priests
  3 iguanas
  22 orc wizards
  15 gnolls
  2 adders (D:5)
  A white imp (D:7)
  2 ufetubi
  3 worms
  2 dart slugs (D:4)
  41 orcs
  4 bats
  7 endoplasms
  5 giant cockroaches
  5 goblins
  5 hobgoblins
  15 jackals
  2 quokkas
  5 ball pythons
  A frilled lizard (D:3)
  8 kobolds
  3 rats
212 creatures vanquished.

Table legend: (Time is in decaauts)
 A = Elapsed time spent in this place.
 B = Non-inter-level travel time spent in this place.
 C = Inter-level travel time spent in this place.
 D = Time resting spent in this place.
 E = Time spent auto-exploring this place.
 F = Levels seen in this place.
 G = Mean time per level.
                   A        B        C        D        E       F      G
               +--------+--------+--------+--------+--------+-----+--------+
         Total |   7992 |   7569 |    423 |   1016 |   4612 |  11 |  726.5 |
       Dungeon |   7771 |   7361 |    410 |   1016 |   4405 |  10 |  777.1 |
        Temple |    221 |    209 |     12 |      0 |    207 |   1 |  221.0 |
               +--------+--------+--------+--------+--------+-----+--------+

Top non-repeatable levels by time:
     D:8: 1643 daAuts
     D:5: 1437 daAuts
     D:4: 916 daAuts
     D:2: 743 daAuts
     D:1: 691 daAuts
     D:9: 662 daAuts
     D:6: 622 daAuts
     D:7: 616 daAuts
     D:3: 425 daAuts
  Temple: 221 daAuts
    D:10: 11 daAuts

Table legend:
 A = Non-vault XP
 B = Vault XP
 C = Vault XP percentage of total XP
 D = Non-vault monster count
 E = Vault monster count
 F = Vault count percentage of total count
                 A         B        C        D         E       F
            +---------+---------+-------+---------+---------+-------
      Total |    6769 |    2746 |  28.9 |     195 |      17 |   8.0
            +---------+---------+-------+---------+---------+-------
        D:1 |      27 |       0 |   0.0 |      16 |       0 |   0.0
        D:2 |      32 |       0 |   0.0 |      14 |       0 |   0.0
        D:3 |     145 |       3 |   2.0 |      15 |       2 |  11.8
        D:4 |     369 |       0 |   0.0 |      36 |       0 |   0.0
        D:5 |     578 |       0 |   0.0 |      26 |       0 |   0.0
        D:6 |     731 |     185 |  20.2 |      13 |       1 |   7.1
        D:7 |    1094 |     450 |  29.1 |      29 |       1 |   3.3
        D:8 |    1976 |    2108 |  51.6 |      22 |      13 |  37.1
        D:9 |    1622 |       0 |   0.0 |      21 |       0 |   0.0
       D:10 |     195 |       0 |   0.0 |       3 |       0 |   0.0
            +---------+---------+-------+---------+---------+-------
